Map: Complesso Moebius XX-1

Players

EvaJulia

  • Race: Terran Terran
  • League: Silver

Laura

  • Race: Terran Terran

Slavon

  • Race: Protoss Protoss

Jhyrachy

  • Race: Zerg Zerg
  • League: Silver

zappothedog

  • Race: Terran Terran

DoubleB

  • Race: Terran Terran

weok

  • Race: Protoss Protoss
  • League: Bronze

Montreal

  • Race: Protoss Protoss

VOD

Have the link to the VOD?

Description

Time

  • Played on: April 3, 2016, 2:05 p.m.
  • Length: 17:07
Show
View Real Time Build Order
Export as new Build Order

EvaJulia Terran 

Build Orders: MMM Bio 

Get SALT Encoding   

  12  0:01  SCV  
  13  0:16  SCV  
  14  0:33  SCV  
  15  0:38  Supply Depot  
  15  0:59  SCV  
  15  1:02  Barracks  
  16  1:05  Supply Depot  
  16  1:11  SCV  
  17  1:27  Command Center, SCV  
  18  1:39  Barracks  
  18  1:43  SCV  
  19  1:53  Supply Depot  
  19  1:56  Marine, SCV  
  21  2:08  SCV  
  22  2:16  Barracks  
  22  2:21  SCV  
  23  2:25  Marine  
  24  2:31  Supply Depot  
  24  2:32  Marine  
  24  2:33  SCV  
  26  2:39  Supply Depot  
  26  2:50  Marine x2  
  28  2:52  SCV  
  29  2:58  Barracks  
  29  3:04  Marine  
  31  3:05  SCV  
  31  3:20  Marine  
  31  3:22  Marine  
  31  3:24  Marine  
  34  3:29  Refinery  
  34  3:31  Orbital Command  
  34  3:51  Command Center, Marine  
  34  3:54  Marine  
  36  3:57  Marine  
  36  3:59  Marine  
  38  4:07  SCV  
  39  4:11  SCV  
  39  4:12  Marine x2  
  42  4:20  Marine, Barracks  
  42  4:22  Marine  
  44  4:30  SCV  
  45  4:32  Marine x2  
  45  4:36  Orbital Command  
  47  4:40  Refinery  
  47  4:43  Marine  
  47  4:44  Marine  
  49  4:47  SCV  
  50  4:54  Engineering Bay  
  50  4:56  Marine  
  50  5:04  Marine x2  
  50  5:05  Marine  
  50  5:06  SCV  
  53  5:15  Marine  
  53  5:16  Marine  
  53  5:17  SCV  
  56  5:24  Engineering Bay  
  56  5:26  Barracks Tech Lab  
  56  5:27  Engineering Bay  
  56  5:34  Marine x2  
  58  5:36  SCV, Barracks Tech Lab  
  58  5:40  Orbital Command  
  59  5:47  Marine  
  59  5:49  Marine  
  61  5:57  Terran Infantry Weapons Level 1  
  61  5:58  Terran Infantry Armor Level 1  
  61  6:03  Missile Turret, Factory  
  61  6:05  SCV  
  61  6:10  Orbital Command  
  62  6:18  Marine  
  63  6:23  Combat Shields  
  63  6:27  Stimpack  
  63  6:28  Marine x2  
  63  6:29  Marine  
  63  6:32  SCV  
  67  6:34  SCV  
  67  6:38  SCV  
  69  6:47  Marine x2  
  69  6:48  Marauder  
  69  6:53  SCV  
  74  6:55  Missile Turret  
  74  6:56  Marauder, Marine  
  74  7:01  SCV  
  78  7:02  Missile Turret  
  78  7:06  Factory Tech Lab  
  78  7:10  Barracks  
  78  7:14  SCV  
  79  7:19  Starport  
  79  7:20  Starport  
  79  7:32  Barracks Tech Lab  
  79  7:47  Barracks Reactor  
  79  7:49  Marauder x2  
  83  7:51  Barracks Reactor  
  83  7:55  Refinery  
  83  7:57  Refinery  
  83  8:03  Marine  
  84  8:07  Hi-Sec Auto Tracking  
  84  8:08  Missile Turret  
  84  8:17  Concussive Shells  
  84  8:24  Supply Depot  
  84  8:25  SCV, Supply Depot  
  84  8:26  Refinery  
  85  8:37  SCV  
  85  8:38  SCV  
  85  8:39  Marauder  
  81  8:41  Marine  
  81  8:42  Marauder  
  81  8:45  Armory  
  81  8:47  Supply Depot  
  78  8:49  SCV  
  67  9:06  Missile Turret, SCV  
  67  9:07  SCV  
  69  9:10  Supply Depot  
  69  9:16  Marine x2  
  69  9:17  Marauder  
  73  9:21  SCV  
  73  9:22  SCV  
  75  9:27  Siege Tank, Command Center  
  75  9:29  Medivac  
  80  9:33  SCV  
  80  9:37  SCV  
  84  9:45  Marauder  
  84  9:46  Marauder x2, Marine x2  
  84  9:47  Marine  
  89  9:59  Siege Tank  
  85  10:02  Marine  
  85  10:03  Marine  
  85  10:04  Marine  
  70  10:10  Missile Turret  
  62  10:14  Marine x2  
  62  10:15  Marauder, SCV  
  62  10:21  Missile Turret  
  64  10:23  Marauder, Marine  
  64  10:26  Marine x3  
  65  10:30  SCV  
  65  10:32  Marine x2  
  65  10:35  Missile Turret  
  68  10:36  Marine  
  68  10:40  Marine  
  70  10:44  Marine  
  71  11:00  Marine x2  
  73  11:19  Orbital Command  
  73  11:20  Marine x3  
  76  11:59  Marine x2  
  76  12:00  Marauder, Marine x3  
  76  12:01  Marauder x2  
  83  12:17  Marine x2  
  83  12:18  Marine  
  83  12:22  Marine  
  60  13:05  Marine x3  
  63  13:26  Missile Turret  
  63  13:27  Missile Turret  
  63  13:30  Missile Turret  
  63  13:34  Missile Turret  
  63  13:50  Missile Turret, Supply Depot  
  63  13:51  Supply Depot  
  63  14:04  Marine x2  
  63  14:05  Marine x2, Factory  
  63  14:06  Marauder  
  29  14:27  Marine x2  
  29  14:28  Marine  
  9  14:35  Marine  
  9  14:37  Liberator  
  5  15:35  Command Center  
  5  16:00  Supply Depot  
  5  16:24  Supply Depot  
  5  16:57  Barracks  
Show
View Real Time Build Order
Export as new Build Order

Laura Terran 

Build Orders:  

Get SALT Encoding   

  12  0:03  SCV  
  13  0:15  SCV  
  14  0:24  Refinery  
  14  0:39  SCV, Supply Depot  
  15  0:52  Refinery  
  15  1:01  SCV  
  16  1:08  Barracks  
  16  1:30  SCV  
  17  1:42  SCV  
  18  1:54  SCV  
  18  1:57  Command Center  
  19  2:09  Supply Depot, Factory  
  19  2:32  Supply Depot  
  19  2:33  SCV  
  20  2:41  Factory  
  20  2:45  SCV  
  21  2:55  Factory Tech Lab  
  21  3:08  Starport  
  21  3:11  SCV  
  22  3:23  SCV  
  22  3:25  Factory Tech Lab  
  23  3:45  Siege Tank x2  
  23  3:47  Starport Tech Lab  
  29  3:49  Starport Reactor  
  29  3:56  SCV  
  30  4:08  SCV  
  31  4:20  SCV  
  32  4:26  Medivac x2  
  36  4:39  Siege Tank  
  39  4:57  Medivac  
  41  6:45  Liberator x2  
  41  7:27  Liberator  
  41  7:28  Liberator  
  41  7:32  Siege Tank x2  
  48  8:10  Liberator  
  48  8:30  Refinery  
  48  8:32  Refinery  
  51  8:45  Siege Tank  
  54  9:39  Supply Depot  
  54  9:42  Supply Depot  
  54  9:45  Supply Depot  
  48  10:01  Siege Tank, Medivac  
  50  10:20  Siege Tank  
  53  10:33  Siege Tank  
  56  10:46  Liberator x2  
  62  11:29  Liberator  
  38  12:34  Siege Tank x2  
  5  16:34  Marine  
Show
View Real Time Build Order
Export as new Build Order

Slavon Protoss 

Build Orders:  

Get SALT Encoding   

  12  0:01  Probe (Chrono Boost)  
  13  0:11  Probe (Chrono Boost)  
  14  0:19  Pylon  
  14  0:29  Probe (Chrono Boost)  
  15  0:38  Gateway  
  15  0:41  Assimilator  
  15  0:50  Probe (Chrono Boost)  
  16  1:01  Probe (Chrono Boost)  
  17  1:05  Gateway  
  17  1:22  Probe (Chrono Boost)  
  18  1:32  Cybernetics Core  
  18  1:37  Probe (Chrono Boost)  
  19  1:48  Probe (Chrono Boost)  
  20  1:59  Probe (Chrono Boost)  
  21  2:13  Mothership Core (Chrono Boost)  
  23  2:30  Pylon  
  23  2:33  Assimilator  
  23  2:42  Nexus  
  23  2:48  Stalker  
  23  2:50  Stalker  
  27  2:55  Warp Gate  
  27  3:01  Probe (Chrono Boost)  
  28  3:12  Probe (Chrono Boost)  
  29  3:19  Robotics Facility  
  29  3:34  Stalker  
  31  3:46  Pylon  
  31  3:53  Stalker  
  33  3:56  Probe (Chrono Boost), Pylon  
  34  4:07  Probe (Chrono Boost)  
  35  4:12  Observer  
  36  4:17  Probe (Chrono Boost), Stalker  
  36  4:23  Stalker  
  41  4:30  Forge  
  42  4:45  Probe (Chrono Boost)  
  42  4:56  Probe (Chrono Boost)  
  42  4:59  Warp Prism  
  43  5:04  Protoss Ground Weapons Level 1  
  45  5:44  Stalker x2  
  35  6:38  Stalker x2  
  39  6:41  Immortal  
  43  6:47  Gateway  
  43  6:49  Gateway  
  43  7:20  Immortal  
  46  7:45  Probe (Chrono Boost)  
  47  7:52  Stalker  
  47  7:53  Stalker  
  47  7:55  Probe (Chrono Boost)  
  52  8:06  Probe (Chrono Boost)  
  52  8:07  Photon Cannon  
  52  8:08  Photon Cannon  
  52  8:10  Photon Cannon  
  53  8:16  Probe (Chrono Boost)  
  55  8:27  Probe (Chrono Boost)  
  55  8:37  Probe (Chrono Boost)  
  55  8:39  Pylon  
  56  8:45  Assimilator  
  56  8:47  Assimilator  
  56  8:48  Probe (Chrono Boost)  
  57  8:49  Immortal  
  61  8:58  Probe (Chrono Boost), Stalker x2  
  66  9:09  Probe (Chrono Boost)  
  67  9:10  Stalker  
  69  9:18  Pylon  
  69  9:19  Probe (Chrono Boost)  
  69  9:22  Pylon  
  70  9:25  Pylon  
  70  9:36  Immortal  
  74  9:50  Photon Cannon  
  74  9:53  Probe (Chrono Boost)  
  74  9:55  Photon Cannon  
  74  9:59  Photon Cannon  
  75  10:04  Probe (Chrono Boost), Photon Cannon  
  76  10:14  Probe (Chrono Boost)  
  77  10:25  Probe (Chrono Boost)  
  78  10:30  Photon Cannon  
  78  10:31  Photon Cannon  
  78  10:33  Photon Cannon  
  79  10:35  Probe (Chrono Boost)  
  79  10:37  Pylon  
  79  10:46  Probe (Chrono Boost), Stalker x4  
  88  10:57  Probe (Chrono Boost)  
  89  11:07  Probe (Chrono Boost)  
  89  11:10  Protoss Ground Armor Level 1  
  90  11:18  Probe (Chrono Boost)  
  91  11:27  Stalker x4  
  99  11:58  Stalker  
  99  12:27  Stalker  
  101  13:04  Protoss Shields Level 1  
  101  13:21  Pylon  
  101  13:24  Pylon  
  101  13:29  Pylon  
  101  13:39  Immortal  
  105  13:46  Stalker x4  
  113  14:10  Sentry x2  
  113  14:11  Stalker x2  
  121  14:19  Immortal  
  58  14:58  Observer  
  53  15:00  Stalker  
  53  15:01  Stalker x3  
Show
View Real Time Build Order
Export as new Build Order

Jhyrachy Zerg 

Build Orders: Hatch First 

Get SALT Encoding   

  12  0:02  Drone  
  13  0:11  Drone  
  14  0:22  Overlord  
  14  0:40  Drone  
  14  0:41  Drone x2  
  17  1:01  Hatchery  
  17  1:02  Extractor, Drone  
  16  1:14  Spawning Pool  
  16  1:16  Drone  
  16  1:26  Drone x2  
  18  1:36  Drone  
  19  1:46  Drone  
  20  1:54  Extractor  
  20  1:58  Drone  
  20  2:06  Queen  
  22  2:10  Overlord  
  22  2:29  Queen  
  24  2:33  Drone x4  
  28  2:42  Drone x2  
  30  2:48  Lair  
  30  2:52  Drone x2  
  30  2:58  Drone  
  33  3:03  Drone  
  34  3:14  Drone x2  
  36  3:20  Extractor  
  36  3:22  Drone, Extractor  
  36  3:23  Overlord x2  
  35  3:43  Drone x2  
  35  3:44  Drone  
  35  3:45  Drone x2  
  35  3:46  Drone  
  35  3:47  Drone  
  42  3:56  Drone x2  
  44  4:05  Spire  
  43  4:15  Drone  
  43  4:16  Drone  
  45  4:17  Drone  
  45  4:18  Drone  
  45  4:20  Overlord x4  
  45  4:22  Pneumatized Carapace  
  47  4:29  Infestation Pit  
  46  4:34  Spire  
  46  4:37  Drone x2  
  46  4:38  Drone  
  48  4:47  Evolution Chamber  
  48  4:51  Drone x2  
  49  5:09  Hatchery  
  48  5:23  Hive  
  48  5:25  Zerg Melee Weapons Level 1  
  48  5:26  Zerg Flyer Weapons Level 1  
  48  5:32  Queen  
  48  5:35  Overlord x3  
  50  5:36  Overlord x2  
  50  5:43  Overseer  
  50  5:47  Zerg Flyer Armor Level 1  
  50  6:12  Zergling x2  
  50  6:14  Zergling x2  
  52  6:19  Corruptor x4  
  52  6:20  Corruptor x2  
  64  6:35  Drone x12  
  76  7:02  Extractor  
  76  7:03  Extractor  
  74  7:10  Drone x3  
  74  7:11  Drone  
  74  7:12  Drone x2  
  80  7:25  Greater Spire  
  80  7:40  Zerg Melee Weapons Level 2  
  80  7:45  Zerg Flyer Weapons Level 2  
  80  8:03  Overlord x5  
  80  8:04  Overlord  
  80  8:21  Queen  
  80  8:26  Hatchery  
  81  8:39  Brood Lord  
  81  8:40  Brood Lord x5  
  93  8:42  Corruptor x3  
  93  8:43  Corruptor x3  
  105  9:14  Zerg Flyer Armor Level 2  
  105  9:31  Drone x2  
  105  9:32  Drone x5  
  105  9:33  Drone  
  113  10:02  Extractor  
  113  10:04  Extractor  
  111  10:10  Corruptor  
  111  10:11  Corruptor x10  
  111  10:12  Corruptor  
  135  10:18  Drone x3  
  135  10:19  Drone x3  
  135  10:20  Overlord x4  
  135  10:21  Overlord  
  141  10:32  Zerg Melee Weapons Level 3  
  122  11:29  Brood Lord x5  
  122  11:30  Brood Lord x3  
  137  11:43  Corruptor x2  
  118  12:36  Zerg Flyer Weapons Level 3  
  118  12:37  Zerg Flyer Armor Level 3  
  118  13:08  Corruptor x4  
  126  13:47  Corruptor x10  
  140  14:24  Corruptor x9  
  157  15:01  Corruptor x6  
Show
View Real Time Build Order
Export as new Build Order

zappothedog Terran 

Build Orders: Reaper Expand 

Get SALT Encoding   

  12  0:05  SCV  
  13  0:22  SCV  
  13  0:28  Supply Depot  
  14  0:37  SCV  
  15  1:01  Barracks  
  15  1:14  Barracks  
  15  1:16  Refinery  
  16  1:18  SCV  
  16  1:30  SCV  
  17  1:59  Refinery  
  17  2:01  Barracks Reactor  
  17  2:04  Command Center  
  17  2:11  Supply Depot  
  17  2:28  Refinery  
  17  2:33  Orbital Command  
  17  2:39  Reaper x2  
  19  2:56  Engineering Bay  
  19  3:11  Marine x2  
  21  3:16  Reaper  
  22  3:22  Orbital Command  
  22  3:27  SCV  
  23  3:29  Reaper  
  24  3:38  Reaper  
  24  3:39  SCV  
  26  3:48  Marine  
  27  3:51  SCV x2  
  29  4:01  Reaper  
  30  4:03  SCV  
  30  4:06  Marine  
  30  5:08  Marine x3  
  33  5:26  Marine x3  
  33  5:28  Factory  
  36  5:29  Building Armor  
  34  5:43  Marine  
  34  5:44  Marine x2  
  36  6:01  Marine x2  
  36  6:02  Marine  
  27  6:19  Marine x3  
  27  6:30  Hellion  
  29  6:37  Marine x2  
  31  6:48  Orbital Command  
  31  6:51  Hellion  
  31  6:53  Missile Turret  
  32  6:55  Missile Turret  
  32  7:08  Missile Turret  
  32  7:09  Hi-Sec Auto Tracking  
  32  7:12  Widow Mine  
  34  7:34  Refinery  
  34  7:36  Starport  
  34  7:40  Widow Mine  
  31  8:02  Bunker  
  31  8:06  Terran Infantry Armor Level 1  
  31  8:09  Widow Mine  
  31  8:11  SCV  
  34  8:14  Starport  
  34  8:23  SCV  
  35  8:35  SCV  
  36  8:42  Factory Tech Lab  
  36  8:43  Missile Turret  
  36  8:47  SCV  
  37  8:59  SCV  
  38  9:04  Barracks  
  38  9:05  Barracks Tech Lab  
  38  9:11  Marine  
  38  9:12  Marine  
  40  9:29  Marine x2  
  38  9:33  Siege Tank  
  41  9:47  Marine x2  
  41  9:52  Barracks  
  40  10:00  Terran Infantry Weapons Level 1  
  40  10:02  Marine x2  
  40  10:05  Siege Tank, Marine x2  
  41  10:19  Marine  
  41  10:20  Marine  
  43  10:23  Marine x2  
  42  10:37  Marine x2  
  42  10:40  Marine  
  42  10:41  Marine  
  39  10:48  Barracks Tech Lab  
  39  10:51  Stimpack  
  39  10:55  Marine x2  
  41  11:04  Starport  
  41  11:06  Viking  
  43  11:11  Marine x2  
  43  11:13  Marine x2  
  47  11:19  Missile Turret, Starport Tech Lab  
  47  11:29  Marine x2  
  47  11:31  Marine x2  
  51  11:44  Starport  
  51  11:47  Marine x2  
  51  11:48  Marine  
  54  12:04  Supply Depot  
  54  12:05  Supply Depot  
  54  12:19  Viking  
  54  12:26  Marine x3, Viking  
  54  12:27  Missile Turret  
  54  12:28  Supply Depot  
  59  12:35  Missile Turret  
  59  12:49  Viking  
  61  12:52  Concussive Shells  
  61  12:56  Viking  
  63  13:02  Liberator  
  63  13:26  Viking  
  65  13:35  Combat Shields  
  17  14:38  Starport Tech Lab  
  17  14:39  Marine  
  17  14:40  Marine x4  
  17  14:43  Orbital Command, Starport Tech Lab  
  21  14:57  Marine x2  
  21  14:58  Marine  
  24  15:27  Missile Turret  
  24  15:29  Marine  
  24  15:30  Marine x4  
  24  16:20  Marine x4  
  28  16:38  Marine x4  
  32  16:47  SCV  
Show
View Real Time Build Order
Export as new Build Order

DoubleB Terran 

Build Orders: Command Center First (CC), MMM Bio 

Get SALT Encoding   

  12  0:04  SCV  
  13  0:16  SCV  
  14  0:21  Supply Depot  
  14  0:29  SCV  
  15  0:45  SCV  
  16  1:00  Command Center  
  16  1:04  SCV  
  17  1:16  SCV  
  18  1:19  Barracks  
  18  1:33  SCV  
  18  1:38  Barracks  
  19  1:45  SCV  
  20  1:47  Refinery  
  20  1:57  SCV  
  21  2:07  Supply Depot  
  21  2:09  Marine, SCV  
  23  2:20  Orbital Command  
  24  2:24  Orbital Command  
  23  2:33  Marine  
  24  2:39  Barracks Tech Lab  
  24  2:59  Refinery, SCV x2  
  24  3:00  Factory  
  24  3:01  Marine x2  
  28  3:11  SCV x2  
  30  3:18  Marine  
  30  3:19  Marine  
  32  3:26  Barracks  
  32  3:31  SCV x2  
  34  3:41  Marine, Stimpack  
  34  3:42  Marauder, Supply Depot  
  34  3:43  SCV  
  34  3:44  SCV  
  39  3:54  Starport  
  39  3:55  SCV  
  39  4:01  Factory Reactor  
  40  4:05  Refinery  
  40  4:07  Engineering Bay  
  40  4:09  SCV x2, Engineering Bay  
  42  4:20  Marauder, Marine  
  42  4:21  SCV  
  46  4:34  Marine  
  46  4:35  SCV x2  
  46  4:37  Marine  
  50  4:46  Medivac  
  50  4:47  Medivac  
  50  4:48  Barracks  
  50  4:50  Barracks  
  54  4:56  Refinery  
  54  4:59  Terran Infantry Weapons Level 1  
  54  5:00  Supply Depot x2  
  54  5:11  Barracks Reactor x2  
  54  5:21  SCV x2  
  56  5:33  SCV x2  
  58  5:38  Command Center  
  58  5:49  Marine x2  
  59  5:50  Marine x2  
  59  5:52  Barracks Tech Lab x2  
  59  5:54  Combat Shields  
  59  5:56  Terran Infantry Armor Level 1  
  62  5:57  SCV  
  62  5:58  SCV  
  62  6:03  Supply Depot  
  64  6:04  Marine  
  64  6:05  Supply Depot, Medivac  
  64  6:07  Marine  
  65  6:22  Marauder  
  59  6:26  Supply Depot  
  59  6:31  Marine x2, Medivac  
  59  6:32  Marine x3  
  67  6:33  Marauder  
  67  6:35  SCV, Medivac  
  70  6:40  Supply Depot  
  70  6:43  SCV  
  70  6:44  Marauder  
  73  6:47  SCV  
  73  6:49  Marine  
  73  6:50  Marauder  
  73  6:51  Orbital Command  
  77  6:55  SCV  
  77  6:59  SCV  
  77  7:00  Armory  
  79  7:05  Supply Depot  
  79  7:06  Marine x2  
  81  7:29  Supply Depot  
  78  7:34  Medivac x2  
  82  7:48  Marine x5  
  82  7:49  Marauder x2  
  91  7:52  Barracks  
  91  7:53  Barracks  
  91  7:54  Barracks  
  91  8:01  SCV x2  
  91  8:02  Terran Infantry Armor Level 2, Terran Infantry Weapons Level 2  
  91  8:04  Medivac  
  95  8:06  Marine x2  
  97  8:21  Medivac  
  99  8:27  Starport  
  99  8:36  Marine  
  99  8:37  Marine x4  
  99  8:38  Marauder x2, Medivac  
  108  8:44  Barracks  
  106  8:51  Medivac  
  106  8:54  Marine  
  99  8:55  Marauder  
  99  8:59  Marauder  
  92  9:06  Marine x4  
  92  9:08  Medivac  
  92  9:09  Starport Reactor  
  96  9:12  Marine  
  96  9:15  Refinery  
  96  9:16  Marine  
  98  9:17  Concussive Shells  
  98  9:20  Marine  
  98  9:22  Barracks Reactor x2  
  98  9:23  Barracks Tech Lab  
  98  9:24  Marine x2  
  100  9:25  Marauder  
  100  9:28  Missile Turret  
  100  9:30  Missile Turret  
  103  9:32  Marine x2  
  103  9:33  Marine  
  103  9:34  Marauder  
  103  9:35  SCV x2  
  112  9:38  Marauder  
  112  9:41  Marine  
  112  9:42  Marine  
  114  9:46  Marauder  
  114  9:49  Marine, Medivac x3  
  114  9:50  Marine x3  
  126  9:56  Marauder  
  126  9:59  Marine x2  
  131  10:00  Marauder  
  130  10:07  Marine  
  130  10:08  Marauder  
  131  10:16  Marine x4  
  131  10:18  Marine  
  132  10:22  Marauder  
  132  10:23  Terran Infantry Weapons Level 3  
  132  10:29  Missile Turret  
  132  10:31  Terran Vehicle And Ship Armor Level 1  
  132  10:44  Barracks  
  132  10:45  Barracks  
  132  10:47  Marauder  
  133  10:50  Missile Turret  
  133  10:55  Supply Depot  
  133  10:57  Supply Depot  
  133  11:17  Marauder, Marine x2, Medivac x2  
  133  11:18  Marine x4  
  141  11:19  Marauder x2  
  141  11:22  Supply Depot  
  149  11:40  Marine x3  
  149  11:42  Terran Infantry Armor Level 3, Marine  
  149  11:43  Marine x3, Medivac x2  
  149  11:44  Marauder  
  154  11:47  Medivac  
  154  11:52  Marine  
  157  11:54  Marine  
  157  11:56  Marine  
  157  11:57  Marauder  
  157  11:59  Marauder  
  156  12:02  Marine  
  156  12:05  Marine, Barracks Tech Lab  
  156  12:08  Marine, Barracks Tech Lab  
  157  12:10  Barracks Tech Lab  
  157  12:19  Orbital Command  
  157  12:28  Supply Depot  
  157  12:29  Medivac  
  157  12:33  Marine x2  
  157  12:35  Marine  
  157  12:36  Marine x2  
  157  12:37  Marine  
  157  12:38  Marine x2  
  157  12:39  Marauder  
  157  12:40  Marauder x2, Supply Depot  
  157  12:41  Marauder  
  150  12:45  SCV x2  
  144  12:57  Marine  
  144  12:58  Marine x6  
  147  12:59  Marine x3  
  147  13:00  Marine  
  147  13:01  Marauder  
  147  13:02  Marauder x3  
  158  13:17  Marauder  
  158  13:19  Marauder  
  157  13:29  Marine x8  
  157  13:30  Marine x2  
  157  13:31  Marauder, Marine  
  170  13:52  Marine x3  
  170  13:55  Orbital Command  
  173  14:05  Marine x7  
  173  14:07  Marine x3  
  173  14:12  Supply Depot  
  173  14:17  Marine  
  173  14:23  Medivac x2  
  168  14:28  SCV  
  168  14:29  SCV  
  145  15:04  Marine  
  145  15:05  Marine x4  
  150  15:11  Medivac x2  
  150  15:12  Medivac  
  150  15:13  Marine x2  
  150  15:14  Marine x7  
  159  15:15  Marine  
  166  15:22  Marine  
  161  15:32  Marauder x2  
  161  15:33  Marauder x2  
  169  15:38  Marine x5  
  169  15:39  Marine x5  
  169  15:40  Marine  
  180  15:46  SCV  
  174  16:31  Medivac x4  
  174  16:32  Marine x6  
  180  16:34  Marine x2  
  180  16:38  Command Center  
Show
View Real Time Build Order
Export as new Build Order

weok Protoss 

Build Orders:  

Get SALT Encoding   

  12  0:01  Probe (Chrono Boost)  
  13  0:21  Pylon  
  13  0:25  Probe (Chrono Boost)  
  14  0:35  Probe (Chrono Boost)  
  15  0:45  Forge  
  15  0:49  Probe (Chrono Boost)  
  16  0:59  Probe (Chrono Boost)  
  17  1:10  Probe (Chrono Boost)  
  17  1:21  Probe (Chrono Boost)  
  18  1:31  Probe (Chrono Boost)  
  19  1:34  Assimilator  
  19  1:42  Probe (Chrono Boost)  
  20  1:50  Gateway  
  20  1:52  Probe (Chrono Boost)  
  21  2:13  Pylon  
  21  2:16  Assimilator  
  21  2:29  Photon Cannon  
  21  2:42  Cybernetics Core  
  21  2:47  Photon Cannon  
  21  3:00  Probe (Chrono Boost)  
  21  3:04  Zealot  
  24  3:07  Nexus  
  24  3:10  Probe (Chrono Boost)  
  25  3:17  Pylon  
  25  3:25  Pylon  
  25  3:47  Stargate  
  25  3:49  Stargate  
  25  3:56  Photon Cannon  
  25  3:57  Probe (Chrono Boost)  
  26  4:08  Probe (Chrono Boost)  
  27  4:17  Assimilator  
  27  4:19  Mothership Core (Chrono Boost)  
  27  4:20  Assimilator  
  29  4:36  Fleet Beacon  
  29  4:37  Probe (Chrono Boost)  
  30  4:45  Probe (Chrono Boost)  
  31  4:47  Probe (Chrono Boost)  
  32  4:55  Probe (Chrono Boost)  
  32  4:56  Photon Cannon  
  33  5:03  Void Ray  
  33  5:06  Probe (Chrono Boost)  
  38  5:16  Probe (Chrono Boost)  
  39  5:22  Photon Cannon  
  39  5:52  Carrier (Chrono Boost)  
  45  5:58  Carrier (Chrono Boost)  
  51  6:10  Probe  
  52  6:22  Probe  
  53  6:34  Probe  
  53  6:39  Graviton Catapult  
  54  6:46  Probe  
  55  6:58  Probe  
  56  7:07  Carrier (Chrono Boost)  
  62  7:09  Pylon  
  62  7:10  Probe  
  62  7:11  Pylon  
  57  7:22  Probe  
  56  7:34  Probe  
  57  7:46  Probe  
  58  7:58  Probe  
  58  8:01  Protoss Air Weapons Level 1 (Chrono Boost)  
  58  8:03  Carrier (Chrono Boost)  
  65  8:11  Probe  
  66  8:24  Carrier (Chrono Boost)  
  66  8:27  Pylon  
  66  8:31  Pylon  
  72  8:41  Pylon  
  72  8:55  Protoss Shields Level 1 (Chrono Boost)  
  72  9:26  Void Ray  
  76  9:48  Void Ray  
  70  10:09  Void Ray  
  74  10:31  Void Ray (Chrono Boost)  
  84  11:02  Probe  
  84  11:04  Carrier (Chrono Boost)  
  85  11:13  Carrier (Chrono Boost)  
  79  12:25  Carrier (Chrono Boost)  
  79  12:28  Void Ray (Chrono Boost)  
  77  12:32  Protoss Air Weapons Level 2  
  81  13:07  Void Ray (Chrono Boost)  
  81  13:08  Stargate  
  85  13:45  Void Ray x2 (Chrono Boost)  
  93  13:59  Void Ray (Chrono Boost)  
  93  14:23  Carrier (Chrono Boost)  
  99  14:31  Pylon  
  99  14:33  Pylon  
  99  14:35  Pylon  
  109  14:55  Void Ray (Chrono Boost)  
  109  15:02  Carrier (Chrono Boost)  
  101  15:59  Void Ray (Chrono Boost)  
  109  16:05  Void Ray (Chrono Boost)  
  107  16:21  Void Ray (Chrono Boost)  
Show
View Real Time Build Order
Export as new Build Order

Montreal Protoss 

Build Orders:  

Get SALT Encoding   

  12  0:03  Probe (Chrono Boost)  
  14  0:14  Probe (Chrono Boost)  
  14  0:24  Probe (Chrono Boost)  
  15  0:40  Pylon  
  15  0:45  Pylon  
  15  0:58  Probe (Chrono Boost)  
  15  1:01  Forge  
  16  1:05  Gateway  
  16  1:17  Pylon  
  16  1:45  Probe (Chrono Boost)  
  17  1:47  Nexus  
  17  1:55  Probe (Chrono Boost)  
  18  2:06  Probe (Chrono Boost), Photon Cannon  
  19  2:11  Photon Cannon  
  19  2:20  Photon Cannon  
  19  2:33  Photon Cannon  
  19  2:43  Photon Cannon  
  19  2:54  Photon Cannon  
  19  2:58  Photon Cannon  
  19  3:08  Photon Cannon  
  19  3:18  Photon Cannon  
  19  3:27  Photon Cannon  
  19  3:32  Pylon  
  19  3:39  Pylon  
  19  3:54  Pylon  
  19  3:57  Probe (Chrono Boost)  
  20  4:06  Assimilator  
  20  4:07  Probe (Chrono Boost)  
  20  4:09  Assimilator  
  21  4:10  Probe (Chrono Boost)  
  22  4:18  Probe (Chrono Boost)  
  22  4:21  Probe (Chrono Boost)  
  24  4:28  Probe (Chrono Boost)  
  24  4:31  Cybernetics Core, Probe (Chrono Boost)  
  26  4:39  Probe (Chrono Boost)  
  26  4:42  Probe (Chrono Boost)  
  28  4:49  Probe (Chrono Boost)  
  28  4:50  Pylon  
  29  4:55  Assimilator  
  30  5:00  Probe (Chrono Boost)  
  30  5:01  Assimilator  
  30  5:09  Pylon  
  30  5:10  Probe (Chrono Boost)  
  31  5:21  Probe (Chrono Boost), Photon Cannon  
  32  5:26  Photon Cannon  
  32  5:31  Probe (Chrono Boost)  
  33  5:36  Photon Cannon  
  33  5:42  Probe (Chrono Boost)  
  32  5:47  Stargate  
  31  5:52  Probe (Chrono Boost)  
  31  5:55  Robotics Facility  
  32  6:03  Twilight Council  
  32  6:05  Probe (Chrono Boost)  
  33  6:16  Probe (Chrono Boost)  
  34  6:23  Photon Cannon  
  34  6:27  Probe (Chrono Boost)  
  34  6:31  Void Ray  
  39  6:41  Pylon  
  39  6:48  Immortal  
  43  7:09  Pylon  
  43  7:24  Probe (Chrono Boost)  
  44  7:34  Stalker  
  44  7:35  Probe (Chrono Boost)  
  47  7:43  Void Ray  
  51  7:45  Probe (Chrono Boost)  
  52  7:56  Probe (Chrono Boost)  
  53  8:04  Stalker  
  55  8:06  Probe (Chrono Boost)  
  56  8:17  Probe (Chrono Boost)  
  57  8:23  Warp Prism  
  57  8:25  Void Ray  
  63  8:27  Probe (Chrono Boost)  
  64  8:34  Stalker  
  64  8:38  Probe (Chrono Boost)  
  68  8:48  Probe (Chrono Boost)  
  68  8:54  Templar Archives  
  68  8:59  Probe (Chrono Boost), Observer  
  68  9:02  Fleet Beacon  
  70  9:04  Stalker  
  70  9:08  Void Ray  
  70  9:09  Probe (Chrono Boost)  
  77  9:16  Dark Shrine  
  75  9:20  Probe (Chrono Boost)  
  75  9:21  Observer  
  68  9:31  Probe (Chrono Boost)  
  68  9:34  Stalker  
  67  9:41  Probe (Chrono Boost)  
  67  9:42  Observer  
  69  9:52  Probe (Chrono Boost)  
  61  10:03  Probe (Chrono Boost), Observer  
  47  10:13  Probe (Chrono Boost)  
  36  10:33  Photon Cannon  
  28  10:37  Photon Cannon  
  22  10:50  Dark Templar  
  13  11:44  Photon Cannon  
  13  12:01  Probe (Chrono Boost)  
  14  12:12  Probe (Chrono Boost)  
  15  12:20  Photon Cannon  
  16  12:22  Probe (Chrono Boost)  
  16  12:26  Photon Cannon  
  13  12:33  Probe (Chrono Boost)  
  13  12:44  Probe (Chrono Boost)  
  13  12:52  Zealot  
  13  12:54  Probe (Chrono Boost)  
  16  13:05  Probe (Chrono Boost)  
  17  13:15  Probe (Chrono Boost)  
  18  13:26  Probe (Chrono Boost)  
  19  13:36  Probe (Chrono Boost)  
  20  13:47  Probe (Chrono Boost)  
  21  13:57  Probe (Chrono Boost)  
  22  14:08  Probe (Chrono Boost)  
  23  14:18  Probe (Chrono Boost)  
  24  14:29  Probe (Chrono Boost)  
  25  14:39  Probe (Chrono Boost)  
  26  14:49  Pylon  
Tags
 
Add a new tag
Caveats
  • Supply blocks, unpowered buildings, or Contaminate may cause inaccurate times.
  • Supply counts are checked every 10 seconds.